 Dungeon Crawl Stone Soup version 0.23-a0-612-gcb482e9 (console) character file.

1737 bli the Basher (level 8, -3/68 HPs)
             Began as a Purple Draconian Fighter on Dec 21, 2018.
             Was a Believer of Wu Jian.
             Killed by divine providence
             ... invoked by an orc priest
              (13 damage)
             ... on level 6 of the Dungeon.
             The game lasted 00:19:55 (4133 turns).

bli the Basher (Purple Draconian Fighter)           Turns: 4133, Time: 00:19:56

Health: -3/68      AC: 15    Str: 23    XL:     8   Next: 76%
Magic:  8/8        EV: 12    Int:  8    God:    Wu Jian [**....]
Gold:   320        SH: 13    Dex: 13    Spells: 7/7 levels left

rFire    . . .     SeeInvis .   a - +2 mace (protect)
rCold    . . .     Gourm    .   K - +2 shield
rNeg     . . .     Faith    .   (armour unavailable)
rPois    .         Spirit   .   (helmet restricted)
rElec    .         Reflect  .   (no cloak)
rCorr    .         Harm     .   H - +0 pair of gloves
MR       +....                  q - +0 pair of boots
Stlth    +.........             r - amulet of regeneration
HPRegen  0.61/turn              u - +4 ring of strength
MPRegen  0.11/turn              (no ring)

@: protection aura
A: breathe power, unfitting armour, cold-blooded, AC +6
a: Breathe Dispelling Energy, Wall Jump, Renounce Religion


You were on level 6 of the Dungeon.
You worshipped Wu Jian.
Wu Jian was pleased with you.
You were not hungry.

You visited 1 branch of the dungeon, and saw 6 of its levels.

You collected 320 gold pieces.

Inventory:

Hand Weapons
 a - a +2 mace of protection (weapon)
 b - a +1 hunting sling of flaming
 N - a +0 flail
Missiles
 h - 194 stones (quivered)
 y - 3 tomahawks
 B - 2 throwing nets
Armour
 q - a +0 pair of boots (worn)
 w - a +0 pair of gloves
 x - a +0 shield
 E - a +0 buckler
 H - a +0 pair of gloves (worn)
 K - a +2 shield (worn)
Magical Staves
 F - an uncursed staff of power {unknown}
Jewellery
 r - an amulet of regeneration (around neck)
 t - an uncursed amulet of magic regeneration {unknown}
 u - a +4 ring of strength (left hand)
 A - an uncursed amulet of harm {unknown}
Wands
 G - a wand of polymorph (9)
Scrolls
 f - 3 scrolls of teleportation {unknown}
 i - 8 scrolls of identify {unknown}
 j - a scroll of enchant armour {unknown}
 l - 3 scrolls of remove curse {unknown}
 p - a scroll of random uselessness {unknown}
 s - 3 scrolls of blinking {unknown}
 v - 2 scrolls of noise {unknown}
 C - a scroll of fear {unknown}
 L - a scroll of enchant weapon {unknown}
 O - a scroll of immolation {unknown}
Potions
 c - a potion of might
 e - a potion of lignification {unknown}
 g - 8 potions of curing {unknown}
 k - 2 potions of agility
 m - a potion of brilliance {unknown}
 n - 2 potions of berserk rage {unknown}
 o - 2 potions of cancellation {unknown}
 z - 2 potions of resistance {unknown}
 D - a potion of ambrosia {unknown}
 I - a potion of haste {unknown}
 M - a potion of magic {unknown}
Comestibles
 d - 10 rations
 J - 4 chunks of flesh


   Skills:
 + Level 5.0 Fighting
 * Level 8.2 Maces & Flails
 + Level 4.7 Dodging
 * Level 6.5 Shields


You had 7 spell levels left.
You didn't know any spells.
Your spell library was empty.

Dungeon Overview and Level Annotations

Branches:
Dungeon (6/15)             Temple (0/1) D:4

Altars:
Ashenzari
Ru
Trog
Wu Jian

Shops:
D:4 }


Innate Abilities, Weirdness & Mutations

You can breathe bolts of dispelling energy.
Your rich purple scales are hard. (AC +6)
You cannot fit into any form of body armour.
You are cold-blooded and may be slowed by cold attacks.


Message History

The orc wizard looks satisfied for a moment.
You barely miss the orc warrior.
The orc warrior is heavily wounded.
The orc warrior hits you but does no damage.
Your shield prevents you from hitting the orc warrior.
You tail-slap the orc warrior, but do no damage.
The orc warrior is heavily wounded.
The orc warrior hits you with a +0 halberd!
You hit the orc warrior but do no damage.
The orc warrior is heavily wounded.
The orc warrior hits you with a +0 halberd!
* * * LOW HITPOINT WARNING * * *
The orc priest mumbles some strange prayers to Beogh against you.
Beogh smites you!
* * * LOW HITPOINT WARNING * * *
You closely miss the orc warrior.
The orc warrior is heavily wounded.
The orc priest invokes the aid of Beogh against you.
Beogh smites you!
You die...

####...#.# #.#.#
...).)...# #.#.#
..##...#.# #.#.#
..###.##.# #.#.# ..
#.##.# #.#.#
..###.##.##########.#.#
...)..........##....#.#
####))................#
#))....>.##.##.######
#........# ##.#
#........# #@#
####.).....# #o#
......#....# #o#
#####>#..).# #o# ##
#.#<.).# .o#
.####......# ###
#..............
.##........####
###.#####.## ....# #.#
#########.#


You could see an orc warrior, an orc priest, an orc wizard and an orc.

Vanquished Creatures
  A water moccasin (D:5)
  An ice beast (D:5)
  An orc warrior (D:6)
  A sky beast (D:5)
  2 ogres
  A phantom (D:4)
  A bullfrog (D:6)
  2 scorpions
  2 crimson imps
  2 hounds
  2 jellies
  A gnoll shaman (D:6)
  2 orc priests
  A centaur skeleton (D:6)
  2 iguanas
  Terence (D:2)
  2 orc wizards
  4 worker ants (D:4)
  19 gnolls
  A howler monkey skeleton (D:6)
  10 adders
  An adder zombie (D:5)
  5 worms
  4 dart slugs (D:1)
  3 leopard geckos
  10 orcs
  4 giant cockroaches
  8 goblins
  2 hobgoblins
  7 jackals
  3 kobolds
  A quokka (D:4)
  3 ball pythons
  11 bats
  8 frilled lizards
  A quokka skeleton (D:4)
  11 rats
141 creatures vanquished.

Notes
Turn   | Place    | Note
-------+----------+-------------------------------------------
     0 | D:1      | bli the Draconian Fighter began the quest for the Orb.
     0 | D:1      | Reached XP level 1. HP: 19/19 MP: 1/1
   105 | D:1      | Reached XP level 2. HP: 19/26 MP: 2/2
   406 | D:1      | Found a shattered altar of Ashenzari.
   793 | D:2      | Reached XP level 3. HP: 20/31 MP: 3/3
   982 | D:2      | Noticed Terence
  1005 | D:2      | Killed Terence
  1005 | D:2      | Reached skill level 3 in Maces & Flails
  1005 | D:2      | Reached XP level 4. HP: 7/38 MP: 4/4
  1672 | D:3      | Reached XP level 5. HP: 24/46 MP: 5/5
  1770 | D:3      | Reached skill level 4 in Maces & Flails
  1789 | D:3      | Found an ornate altar of the Wu Jian Council.
  1801 | D:3      | Became a worshipper of the Wu Jian Council
  1888 | D:3      | Found a sacrificial altar of Ru.
  2060 | D:4      | Found a staircase to the Ecumenical Temple.
  2099 | D:4      | Noticed a phantom
  2154 | D:4      | Killed a phantom
  2154 | D:4      | Reached XP level 6. HP: 35/52 MP: 6/6
  2174 | D:4      | Reached skill level 5 in Maces & Flails
  2307 | D:4      | Found Betsasox's Gadget Emporium.
  2396 | D:4      | Your scales start taking on a rich purple colour.
  2396 | D:4      | Reached XP level 7. HP: 45/59 MP: 7/7
  2403 | D:4      | Reached * piety under Wu Jian
  2843 | D:5      | Entered Level 5 of the Dungeon
  2963 | D:5      | Reached skill level 6 in Maces & Flails
  2963 | D:5      | Reached skill level 5 in Shields
  2963 | D:5      | HP: 1/60 [gnoll/+0 club (5)]
  3387 | D:5      | Reached skill level 7 in Maces & Flails
  3387 | D:5      | Reached XP level 8. HP: 63/67 MP: 8/8
  3491 | D:5      | Reached ** piety under Wu Jian
  3863 | D:6      | Reached skill level 8 in Maces & Flails
  3980 | D:6      | Found a bloodstained altar of Trog.
  4022 | D:6      | Reached skill level 5 in Fighting
  4133 | D:6      | Killed from afar by an orc priest

Vault maps used:
D:1:      dpeg_arrival_water_temple_mockup, ashenzari_altar_1
D:2:      first_ration, uniq_terence
D:3:      overflow_temple_1_default, lemuel_coloured_pillars_altar
D:4:      minmay_temple_entry_waves, serial_shops, nicolae_shop_crystal,
          nicolae_zen_rock_garden
D:6:      overflow_temple_1_default, minivault_23

Skill      XL: |  1  2  3  4  5  6  7  8 |
---------------+-------------------------+-----
Dodging        | 3 4 |  4.7
Maces & Flails | 3 4 5 7 8 |  8.2
Shields        | 4 5 6 |  6.5
Fighting       | 4 5 |  5.0

Action                   |  1- 3 |  4- 6 |  7- 9 || total
-------------------------+-------+-------+-------++-------
Melee: Flail             |   110 |   226 |   227 ||   563
       Tailslap          |    12 |    30 |    55 ||    97
       Mace              |       |       |    45 ||    45
Invok: Lunge             |       |    10 |    18 ||    28
       Whirlwind         |       |       |    33 ||    33
 Stab: Sleeping          |       |     2 |     2 ||     4
  Eat: Chunk             |       |     5 |     7 ||    12
Armor: Skin              |    35 |    47 |    64 ||   146
Dodge: Dodged            |    45 |   115 |    97 ||   257
Block: Shield            |    57 |    96 |   142 ||   295

Table legend:
 A = Non-vault XP
 B = Vault XP
 C = Vault XP percentage of total XP
 D = Non-vault monster count
 E = Vault monster count
 F = Vault count percentage of total count
                 A         B        C        D         E       F
            +---------+---------+-------+---------+---------+-------
      Total |    2446 |      36 |   1.5 |     140 |       1 |   0.7
            +---------+---------+-------+---------+---------+-------
        D:1 |      33 |       0 |   0.0 |      16 |       0 |   0.0
        D:2 |      64 |      36 |  36.0 |      25 |       1 |   3.8
        D:3 |      97 |       0 |   0.0 |      28 |       0 |   0.0
        D:4 |     576 |       0 |   0.0 |      20 |       0 |   0.0
        D:5 |     943 |       0 |   0.0 |      26 |       0 |   0.0
        D:6 |     733 |       0 |   0.0 |      25 |       0 |   0.0
            +---------+---------+-------+---------+---------+-------
